 Dungeon Crawl Stone Soup version 0.23.2-33-g5129a83184 (webtiles) character file.

Game seed: 9590287144109939884

1187 Lokunos the Covered (level 8, -3/76 HPs)
             Began as a Gargoyle Fighter on July 10, 2019.
             Was an Initiate of Wu Jian.
             Slain by an orc warrior
             ... wielding a +0 glaive
              (14 damage)
             ... on level 6 of the Dungeon on July 14, 2019.
             The game lasted 00:26:40 (5449 turns).

Lokunos the Covered (Gargoyle Fighter)              Turns: 5449, Time: 00:26:41

Health: -3/76      AC: 24    Str: 22    XL:     8   Next: 43%
Magic:  8/8        EV:  2    Int:  9    God:    Wu Jian [......]
Gold:   351        SH: 11    Dex:  9    Spells: 7/7 levels left

rFire    . . .     SeeInvis .   a - +1 flail
rCold    . . .     Gourm    .   c - +1 shield
rNeg     + + +     Faith    .   (armour currently unavailable)
rPois    ∞         Spirit   .   (helmet currently unavailable)
rElec    .         Reflect  .   (cloak currently unavailable)
rCorr    .         Harm     .   (gloves currently unavailable)
MR       .....     NoTele   +   (boots currently unavailable)
Stlth    +.........             (no amulet)
HPRegen  0.22/turn              (no ring)
MPRegen  0.11/turn              (no ring)

@: tree-form (expiring)
A: negative energy resistance 1, petrification resistance, rot immunity, AC +5
a: Renounce Religion


You were on level 6 of the Dungeon.
You worshipped Wu Jian.
Wu Jian was noncommittal.
You were not hungry.
You were a tree.
You visited 2 branches of the dungeon, and saw 7 of its levels.

You collected 351 gold pieces.

Inventory:

Hand Weapons
 a - a +1 flail (weapon)
Missiles
 d - 3 tomahawks (quivered)
Armour
 c - a +1 shield (worn)
 j - a +0 chain mail
 o - a +1 plate armour (melded)
 r - a +2 pair of gloves (melded)
Wands
 p - a wand of digging (5)
Scrolls
 g - 4 scrolls of identify
 i - a scroll of random uselessness
 k - 6 scrolls of remove curse
 m - a scroll of fog
 q - a scroll of teleportation
Potions
 b - a potion of lignification
 e - a potion of resistance
 l - a potion of haste
 n - 2 potions of agility
 s - a potion of ambrosia {unknown}
 t - a potion of heal wounds {unknown}
 u - a potion of degeneration {unknown}
Comestibles
 f - 11 rations


   Skills:
 + Level 6.2 Fighting
 + Level 5.1 Maces & Flails
 + Level 6.4 Armour
 + Level 6.2 Shields


You had 7 spell levels left.
You didn't know any spells.
Your spell library was empty.

Dungeon Overview and Level Annotations

Branches:
Dungeon (6/15)             Temple (1/1) D:4

Altars:
Ashenzari
Cheibriados
Fedhas
Hepliaklqana
Kikubaaqudgha
Makhleb
Nemelex Xobeh
Okawaru
Ru
Trog
Uskayaw
Wu Jian
Yredelemnul
Zin
The Shining One
Lugonu


Innate Abilities, Weirdness & Mutations

You are resistant to torment.
((Your stone body is resilient. (AC +5)))
You are immune to poison.
You resist negative energy. (rN+)
((You are resistant to electric shocks. (rElec)))
((You can survive without breathing.))
You are immune to petrification.
You are immune to rotting.


Message History

You hit the orc warrior.
The orc warrior is heavily wounded.
The orc barely misses you. The orc hits you but does no damage.
The orc warrior hits you with a +0 glaive!
* * * LOW HITPOINT WARNING * * *
You block the orc's attack.
You hit the orc warrior but do no damage.
The orc warrior is heavily wounded.
You block the orc's attack.
The orc warrior hits you but does no damage.
The orc hits you but does no damage. x2
You hit the orc warrior but do no damage.
The orc warrior is heavily wounded.
The orc warrior barely misses you. The orc hits you but does no damage. x2
You closely miss the orc warrior.
The orc warrior is heavily wounded.
Your transformation is almost over.
You block the orc's attack.
The orc warrior hits you with a +0 glaive!
You die...

..............#.#........##
...†............#.........#
..........................###
.................#.(...#....###
##..#..........###.##.........#
#####.......... ##............#
# .#....##..##......#....###
..........o.o###.....#.#
.....#.####♣## #>..##### o...
o..#.###.o#####...#
..........###...#....##
#..#..###..#..........#####
...).##...##....###....#.##
.####....##o......>...........#
.........o...o........##.....##
.......#.###......##.######...#
#.(#...........#.# ##.##


You could see an orc warrior and 2 orcs.

Vanquished Creatures
  An ice beast (D:5)
  An orc warrior (D:5)
  A sky beast (D:6)
  A necrophage (D:6)
  A centaur (D:5)
  An ogre (D:4)
  2 scorpions (D:5)
  A crimson imp (D:5)
  A bullfrog zombie (D:5)
  2 hounds (D:5)
  An orc priest (D:5)
  A jelly (D:5)
  3 orc wizards
  An iguana (D:6)
  3 worker ants
  6 adders
  4 gnolls (D:2)
  A shadow imp (D:5)
  An adder skeleton (D:5)
  3 worms
  A dart slug (D:1)
  2 leopard geckos (D:3)
  12 orcs
  9 bats
  3 giant cockroaches
  5 goblins
  5 hobgoblins
  2 jackals (D:3)
  6 kobolds
  4 quokkas
  2 ball pythons
  3 frilled lizards
  A leopard gecko skeleton (D:4)
  6 rats
97 creatures vanquished.

Notes
Turn   | Place    | Note
-------+----------+-------------------------------------------
     0 | D:1      | Lokunos the Gargoyle Fighter began the quest for the Orb.
     0 | D:1      | Reached XP level 1. HP: 14/14 MP: 1/1
   190 | D:1      | Reached XP level 2. HP: 19/19 MP: 2/2
   688 | D:2      | Found a shattered altar of Ashenzari.
   693 | D:2      | Became a worshipper of Ashenzari the Shackled
   749 | D:2      | Reached XP level 3. HP: 22/24 MP: 3/3
  1009 | D:2      | Reached XP level 4. HP: 21/29 MP: 4/4
  1849 | D:3      | Reached XP level 5. HP: 32/33 MP: 5/5
  2092 | D:3      | Found an ancient bone altar of Kikubaaqudgha.
  2280 | D:3      | Reached XP level 6. HP: 39/39 MP: 6/6
  2325 | D:3      | Found a sacrificial altar of Ru.
  2796 | D:4      | Reached * piety under Ashenzari
  2843 | D:4      | Found a staircase to the Ecumenical Temple.
  2875 | Temple   | Entered the Ecumenical Temple
  3018 | Temple   | Fell from the grace of Ashenzari
  3018 | Temple   | Became a worshipper of the Wu Jian Council
  3802 | D:5      | Entered Level 5 of the Dungeon
  3841 | D:5      | Reached skill level 5 in Armour
  3960 | D:5      | Reached skill level 5 in Fighting
  3960 | D:5      | Reached skill level 5 in Shields
  3960 | D:5      | Reached XP level 7. HP: 42/44 MP: 7/7
  4024 | D:5      | Found a glowing silver altar of Zin.
  4398 | D:5      | Was forgiven by Ashenzari
  4938 | D:5      | Reached XP level 8. HP: 24/51 MP: 8/8
  5220 | D:6      | Reached skill level 5 in Maces & Flails
  5288 | D:6      | Found a sparkling altar of Nemelex Xobeh.
  5449 | D:6      | Slain by an orc warrior

Skill      XL: |  1  2  3  4  5  6  7  8 |
---------------+-------------------------+-----
Armour         | 4 5 6 |  6.4
Fighting       | 4 5 6 |  6.2
Shields        | 4 5 6 |  6.2
Maces & Flails | 3 4 5 |  5.1

Action                   |  1- 3 |  4- 6 |  7- 9 || total
-------------------------+-------+-------+-------++-------
Melee: Flail             |    52 |   295 |   191 ||   538
Invok: Lunge             |       |     4 |     1 ||     5
Evoke: Wand              |       |       |     1 ||     1
  Use: Potion            |     1 |     5 |     6 ||    12
       Scroll            |       |     8 |     4 ||    12
  Eat: Ration            |       |     3 |     2 ||     5
Armor: Scale mail        |    18 |   113 |       ||   131
       Plate armour      |       |    76 |   171 ||   247
       Skin              |       |       |     9 ||     9
Dodge: Dodged            |    14 |    80 |    63 ||   157
Block: Shield            |    35 |   158 |   162 ||   355
